Map: Forteresse de fer EC

Players

Btea - Winner!

  • Race: Protoss Protoss

BiiiiiiiiiiG

  • Race: Terran Terran

VOD

Have the link to the VOD?

Description

Time

  • Played on: May 16, 2015, 9:24 a.m.
  • Length: 6:55
Show
View Real Time Build Order
Export as new Build Order

Btea Protoss - Winner!

Build Orders:  

Get SALT Encoding   

  12  0:01  Probe  
  13  0:14  Pylon  
  13  0:18  Probe  
  14  0:32  Probe (Chrono Boost)  
  15  0:37  Gateway  
  15  0:42  Probe (Chrono Boost)  
  16  0:45  Assimilator  
  16  0:49  Probe  
  17  0:53  Assimilator  
  17  1:01  Probe (Chrono Boost)  
  19  1:12  Probe (Chrono Boost)  
  19  1:15  Pylon  
  20  1:18  Probe (Chrono Boost)  
  20  1:25  Cybernetics Core  
  20  1:30  Probe  
  21  1:36  Gateway  
  21  1:42  Probe  
  22  1:54  Probe  
  23  2:02  Adept (Chrono Boost)  
  23  2:03  Warp Gate  
  23  2:08  Pylon  
  25  2:09  Probe  
  28  2:23  Adept x2 (Chrono Boost)  
  28  2:29  Probe  
  31  2:42  Probe  
  32  2:47  Adept x2 (Chrono Boost)  
  36  2:56  Nexus  
  36  3:05  Pylon  
  36  3:07  Probe  
  37  3:19  Probe  
  38  3:30  Stargate  
  38  3:31  Probe  
  38  3:32  Pylon  
  39  3:43  Probe (Chrono Boost)  
  40  3:49  Forge  
  40  3:54  Probe (Chrono Boost)  
  41  4:00  Probe  
  42  4:09  Probe (Chrono Boost)  
  41  4:14  Phoenix (Chrono Boost)  
  41  4:16  Probe (Chrono Boost)  
  44  4:21  Probe (Chrono Boost)  
  44  4:23  Protoss Ground Armor Level 1  
  45  4:28  Probe (Chrono Boost)  
  45  4:30  Probe (Chrono Boost)  
  47  4:32  Photon Cannon  
  47  4:37  Photon Cannon  
  47  4:38  Probe  
  47  4:39  Pylon  
  47  4:42  Probe  
  47  4:43  Stalker  
  51  4:50  Probe (Chrono Boost)  
  51  4:52  Phoenix (Chrono Boost)  
  54  5:01  Probe (Chrono Boost)  
  54  5:02  Probe (Chrono Boost)  
  54  5:04  Adept  
  57  5:09  Twilight Council, Probe (Chrono Boost)  
  57  5:10  Probe (Chrono Boost), Pylon  
  59  5:18  Assimilator  
  59  5:20  Assimilator  
  61  5:21  Probe x2 (Chrono Boost)  
  61  5:23  Adept  
  63  5:29  Probe (Chrono Boost)  
  63  5:35  Probe  
  65  5:37  Probe  
  66  5:45  Adept x2  
  66  5:47  Probe  
  71  5:54  Phoenix  
  73  6:01  Nexus  
  73  6:03  Pylon  
  73  6:16  Adept  
  75  6:22  Pylon  
  75  6:23  Pylon  
  75  6:30  Probe  
  76  6:36  Gateway  
  76  6:37  Gateway  
  76  6:39  Gateway  
  64  6:54  Adept x2  
Show
View Real Time Build Order
Export as new Build Order

BiiiiiiiiiiG Terran 

Build Orders: 1/1/1 

Get SALT Encoding   

  12  0:01  SCV  
  13  0:13  SCV  
  14  0:17  Supply Depot  
  14  0:25  SCV  
  15  0:39  SCV  
  15  0:40  Barracks  
  16  0:45  Refinery  
  16  0:51  SCV  
  17  1:03  SCV  
  18  1:05  Refinery  
  19  1:27  Orbital Command  
  19  1:28  Marine  
  19  1:33  Supply Depot  
  19  1:44  Factory  
  19  1:46  Marine  
  20  1:53  SCV  
  21  2:07  SCV  
  21  2:08  Barracks Reactor  
  22  2:09  Supply Depot  
  22  2:19  SCV  
  23  2:28  Starport  
  23  2:31  Factory Tech Lab  
  23  2:36  SCV  
  24  2:44  Marine x2  
  24  2:48  SCV  
  24  2:50  Supply Depot  
  27  3:05  Factory Tech Lab  
  26  3:11  Marine x2  
  26  3:12  Banshee  
  30  3:27  Siege Tank  
  30  3:29  Marine x2  
  34  3:38  Bunker  
  32  3:46  Marine  
  32  3:47  Marine  
  34  3:53  SCV  
  34  4:04  Marine x2  
  38  4:22  Marine x2  
  41  4:38  Cloaking Field  
  38  4:53  Siege Tank  
  38  4:54  Marine x2  
  40  5:01  Medivac  
  40  5:02  Command Center  
  42  5:12  Marine  
  43  5:15  Marine  
  44  5:30  Marine  
  44  5:31  Medivac  
  47  5:43  SCV, Marine  
  47  5:44  Supply Depot  
  49  5:55  SCV  
  50  5:58  Missile Turret  
  50  6:02  Barracks  
  50  6:05  Medivac  
  50  6:07  SCV  
  53  6:17  Marine x2  
  55  6:35  Marine x2  
Tags
 
Add a new tag
Caveats
  • Supply blocks, unpowered buildings, or Contaminate may cause inaccurate times.
  • Supply counts are checked every 10 seconds.